cohdb
Replays
Latest Replays
All Replays
Popular Replays
Top Player Replays
Match Explorer
How It Works
Community
CoH3 Stats
Reddit
Sign in to upload your games and track your stats! →
Sign in with Steam
Match 43387903
Unlisted
Match 43387903
Overview
Messages
Build Orders
End
Panzergrenadier Squad
Panzergrenadier Squad
Construct Light Support Kompanie
MG34 Team
Selects Italian Infantry
Fire Support Elements
Selects Guastatori Squad
Guastatori Squad
Flakvierling Half-track
Guastatori Squad
Construct Panzerarmee Kommand
Selects Defensive Operations
Selects Territory Booby Traps
Guastatori Squad
Selects Obice 305mm Barrage
Panzer III L Medium Tank
Vehicle Survival Package
Tungsten Core Ammunition
Armored Reserves
Selects L6/40 Light Tank Combat Group
Obice 305mm Barrage
Tiger Heavy Tank
Selects Towed Cannone da 105/28 Field Howitzer
Walking Stuka Rocket Launcher
Obice 305mm Barrage
Emergency Repair Kits
Obice 305mm Barrage
Heroin Schorsch
untergrund weltstar
Guerrilla161
BUBBA_ACTUAL
JollyRedRockett
PersonalCloth
0
0
Comments
sign in to comment!
No comments posted yet!